 Dungeon Crawl Stone Soup version 0.21.1-1-g345015f (webtiles) character file.

24 tidbits the Digger (level 3, 17/25 HPs)
             Began as a Gnoll Earth Elementalist on Feb 8, 2018.
             Was a Follower of Vehumet.
             Quit the game on level 2 of the Dungeon.
             The game lasted 00:01:46 (170 turns).

tidbits the Digger (Gnoll Earth Elementalist)        Turns: 170, Time: 00:01:47

Health: 17/25      AC:  2    Str: 10    XL:     3   Next: 2%
Magic:  2/9        EV: 14    Int: 18    God:    Vehumet [*.....]
Gold:   0          SH:  0    Dex: 15    Spells: 10/11 levels left

rFire    + . .     SeeInvis .   h - +0 short sword
rCold    x . .     Gourm    .   (no shield)
rNeg     . . .     Faith    .   c - +0 robe
rPois    .         Spirit   .   (no helmet)
rElec    .         Reflect  .   (no cloak)
rCorr    .         Harm     .   (no gloves)
MR       .....                  (no boots)
Stlth    +++.......             (no amulet)
HPRegen  0.08/turn              j - ring of fire (curse)
MPRegen  0.11/turn              (no ring)

@: no status effects
A: distributed training, fangs 1, strong nose
a: Renounce Religion


You were on level 2 of the Dungeon.
You worshipped Vehumet.
Vehumet was aware of your devotion.
You were not hungry.

You visited 1 branch of the dungeon, and saw 2 of its levels.

Inventory:

Hand Weapons
 h - a +0 short sword (weapon)
 i - a +0 dagger
Missiles
 b - 58 stones (quivered)
Armour
 c - a +0 robe (worn)
Jewellery
 j - a cursed ring of fire (left hand)
   (You took it off a kobold on level 2 of the Dungeon)
Scrolls
 a - a scroll of noise {unknown}
 f - a scroll of magic mapping {unknown}
 g - a scroll of amnesia {unknown}
Books
 e - a book of Geomancy

   Spells                             Type                      Level
   a - Sandblast                      Earth                        1
   b - Passwall                       Transmutation/Earth          2
   c - Stone Arrow                    Conjuration/Earth            3
   d - Petrify                        Transmutation/Earth          4
   e - Lee's Rapid Deconstruction     Earth                        5
Comestibles
 d - 4 rations


   Skills:
 + Level 0.5 Fighting
 + Level 0.5 Short Blades
 + Level 0.5 Long Blades
 + Level 0.5 Axes
 + Level 0.5 Maces & Flails
 + Level 0.5 Polearms
 + Level 0.5 Staves
 + Level 0.5 Slings
 + Level 0.5 Bows
 + Level 0.5 Crossbows
 + Level 0.5 Throwing
 + Level 0.5 Armour
 + Level 4.5 Dodging
 + Level 4.1 Stealth
 + Level 0.5 Shields
 + Level 0.5 Unarmed Combat
 + Level 4.9 Spellcasting
 + Level 0.4 Conjurations
 + Level 0.4 Hexes
 + Level 0.4 Charms
 + Level 0.4 Summonings
 + Level 0.4 Necromancy
 + Level 0.4 Translocations
 + Level 2.0 Transmutations
 + Level 0.4 Fire Magic
 + Level 0.4 Ice Magic
 + Level 0.4 Air Magic
 + Level 5.4 Earth Magic
 + Level 0.4 Poison Magic
 + Level 0.7 Invocations
 + Level 0.5 Evocations


You had 10 spell levels left.
You knew the following spells:

 Your Spells              Type           Power        Failure   Level  Hunger
a - Sandblast             Erth           ###...       1%          1    None


Dungeon Overview and Level Annotations

Branches:
Dungeon (2/15)

Altars:
Hepliaklqana
Qazlal
Vehumet
The Shining One


Innate Abilities, Weirdness & Mutations

Your experience applies equally to all skills.
You have very sharp teeth.
Your uncanny sense of smell can sniff out nearby items.


Message History

You climb downwards.
There is a stone staircase leading up here.
Unknown command.
An adder comes into view.
The adder hisses angrily.
Casting: Sandblast
Confirm with . or Enter, or press ? or * to list all spells.
Aiming: Sandblast
Press: ? - help, Shift-Dir - straight line, f - adder
Aim: an adder The blast of sand misses the adder.
b - 64 stones The adder misses you.
Casting: Sandblast
Confirm with . or Enter, or press ? or * to list all spells.
Aiming: Sandblast
Press: ? - help, Shift-Dir - straight line, f/p - adder
Aim: an adder The blast of sand hits the adder.
You kill the adder!
b - 63 stones The dart slug launches a dart at you.
The slug dart misses you.
Casting: Sandblast
Confirm with . or Enter, or press ? or * to list all spells.
Aiming: Sandblast
Press: ? - help, Shift-Dir - straight line, f - dart slug
Aim: a dart slug (clinging)
The blast of sand hits the dart slug.
The dart slug is moderately wounded.
b - 62 stones The dart slug launches a dart at you.
The slug dart hits you!
Casting: Sandblast
Confirm with . or Enter, or press ? or * to list all spells.
Aiming: Sandblast
Press: ? - help, Shift-Dir - straight line, f/p - dart slug
Aim: a dart slug (moderately wounded, clinging)
The blast of sand hits the dart slug.
You kill the dart slug!
b - 61 stones A bat and a kobold come into view.
The kobold moves out of view.
The kobold shouts!
The kobold throws a stone.
The stone closely misses you.
You see here a stone.
The bat barely misses you.
Found a faded altar of an unknown god.
You hit the bat.
The bat is moderately wounded.
The bat hits you but does no damage. The bat barely misses you.
You hit the kobold but do no damage. The bat closely misses you.
The kobold hits you with a dagger.
Casting: Sandblast
Confirm with . or Enter, or press ? or * to list all spells.
Aiming: Sandblast
Press: ? - help, Shift-Dir - straight line, f - bat
Aim: a bat (moderately wounded)
The blast of sand misses the bat.
b - 60 stones The bat barely misses you.
The kobold hits you with a dagger.
Casting: Sandblast
Confirm with . or Enter, or press ? or * to list all spells.
Aiming: Sandblast
Press: ? - help, Shift-Dir - straight line, f/p - bat
Aim: a bat (moderately wounded)
The blast of sand hits the kobold.
You kill the kobold!
b - 59 stones The bat completely misses you.
Casting: Sandblast
Confirm with . or Enter, or press ? or * to list all spells.
Aiming: Sandblast
Press: ? - help, Shift-Dir - straight line, f/p - bat
Aim: a bat (moderately wounded)
The blast of sand hits the bat.
You kill the bat!
You have reached level 3!
Your experience leads to an increase in your attributes!
Increase (S)trength, (I)ntelligence, or (D)exterity?
You feel clever.
b - 58 stones
Found 2 gold pieces.
Things that are here:
a dagger; a shiny brass ring
i - a dagger;
j - a shiny brass ring Put on which piece of jewellery? (? for menu, Esc to quit)
You feel more attuned to fire.
Oops, that ring feels deathly cold.
j - a cursed ring of fire (left hand)
There is a faded altar of an unknown god here.
You cannot tell which god this altar belongs to.
Convert to them anyway?
Okay, then.
Put on which piece of jewellery? (? for menu, Esc to quit)
Okay, then.
You cannot tell which god this altar belongs to.
Convert to them anyway?
Vehumet accepts your prayer! Vehumet welcomes you!
You can now gain magical power from killing.
Vehumet offers you knowledge of Flame Tongue.
Are you sure you want to abandon this character and quit the game? (Confirm with "yes".)

.....
#......##..........
.$..##......###.........
#.........# #####.....
#.........# ........
#.........# ........
##........# .........
##...8....###.........
##...8.8...... .....##.
#...8.@.8..##. ##.
#....8.8...# #..
#.....8....# #..
#.........## #..
........#### #..
......... #.. .........
#.. ##...#... ##. ##.


There were no monsters in sight!

Vanquished Creatures
  An adder (D:2)
  A dart slug (D:2)
  2 bats (D:2)
  2 giant cockroaches (D:2)
  A hobgoblin (D:1)
  2 ball pythons (D:2)
  4 kobolds (D:2)
  A rat (D:2)
14 creatures vanquished.

Notes
Turn   | Place    | Note
-------+----------+-------------------------------------------
     0 | D:1      | tidbits the Gnoll Earth Elementalist began the quest for the Orb.
     0 | D:1      | Reached XP level 1. HP: 13/13 MP: 6/6
    33 | D:2      | Found a stormy altar of Qazlal.
    34 | D:2      | Found a hazy altar of Hepliaklqana.
    86 | D:2      | Reached skill level 2 in Transmutations
   101 | D:2      | Reached XP level 2. HP: 19/19 MP: 5/7
   118 | D:2      | Found a glowing golden altar of the Shining One.
   154 | D:2      | Found a faded altar of an unknown god.
   159 | D:2      | Reached XP level 3. HP: 17/25 MP: 1/9
   169 | D:2      | Became a worshipper of Vehumet
   169 | D:2      | Reached * piety under Vehumet
   169 | D:2      | Offered knowledge of Flame Tongue by Vehumet.
   170 | D:2      | Quit the game

Skill      XL: |  1 |
---------------+----+-----
Transmutations | 2 |  2.0
Fighting       | |  0.5
Short Blades   | |  0.5
Long Blades    | |  0.5
Axes           | |  0.5
Maces & Flails | |  0.5
Polearms       | |  0.5
Staves         | |  0.5
Slings         | |  0.5
Bows           | |  0.5
Crossbows      | |  0.5
Throwing       | |  0.5
Armour         | |  0.5
Dodging        | |  4.5
Stealth        | |  4.1
Shields        | |  0.5
Unarmed Combat | |  0.5
Spellcasting   | |  4.9
Conjurations   | |  0.4
Hexes          | |  0.4
Charms         | |  0.4
Summonings     | |  0.4
Necromancy     | |  0.4
Translocations | |  0.4
Fire Magic     | |  0.4
Ice Magic      | |  0.4
Air Magic      | |  0.4
Earth Magic    | |  5.4
Poison Magic   | |  0.4
Invocations    | |  0.7
Evocations     | |  0.5

Action                   || total
-------------------------++-------
Melee: Short sword       ||     6
 Cast: Sandblast         ||    16
 Stab: Sleeping          ||     3
Armor: Robe              ||     1
Dodge: Dodged            ||    12

Table legend:
 A = Turns spent in this place as a percentage of turns spent in the entire game.
 B = Non-inter-level travel turns spent in this place as a percentage of non-inter-level travel turns spent in the entire game.
 C = Inter-level travel turns spent in this place as a percentage of turns spent in this place.
 D = Turns resting spent in this place as a percentage of non-inter-level travel turns spent in this place.
 E = Turns spent auto-exploring this place as a percentage of non-inter-level travel turns spent in this place.
 F = Non-inter-level travel turns spent in this place divided by the number of levels of this place that you've seen.
                   A       B       C       D       E      F
               +-------+-------+-------+-------+-------+----------------------
         Total | 100.0 | 100.0 |   0.0 |   0.0 |   0.0 |  85.0
       Dungeon | 100.0 | 100.0 |   0.0 |   0.0 |   0.0 |  85.0
               +-------+-------+-------+-------+-------+----------------------

Table legend:
 A = Kills in this place as a percentage of kills in entire the game.
 B = Kills by you in this place as a percentage of kills by you in the entire game.
 C = Kills by friends in this place as a percentage of kills by friends in the entire game.
 D = Other kills in this place as a percentage of other kills in the entire game.
 E = Experience gained in this place as a percentage of experience gained in the entire game.
 F = Experience gained in this place divided by the number of levels of this place that you have seen.
                   A       B       C       D       E      F
               +-------+-------+-------+-------+-------+----------------------
         Total | 100.0 | 100.0 |   N/A |   N/A | 100.0 |  17.5
       Dungeon | 100.0 | 100.0 |   N/A |   N/A | 100.0 |  17.5
               +-------+-------+-------+-------+-------+----------------------

Vault maps used:
D:1:      matt_arrival_diagonals, minmay_ruptured
D:2:      gammafunk_temple_overflow_forgotten,
          chequers_ecumenical_altar_simple_redux, supply_closet_lemuel,
          uniq_robin, uniq_sigmund
